AoeStats
← HT229

Hideout

510265057Analyzed
1v1 RM · 1d ago on Sep 30, 2026· 65m 50s· 2 players
Game mode
Random Map
Map size
Tiny (2 player)
Population
200
Speed
Normal
Resources
Standard
Victory
Conquest
Starting age
Dark Age
Ending age
Imperial Age
RankedLock teamsTeams togetherTeam positionsShared explorationLock speedFull tech treeHidden civsTurbo modeCheats
Victory
Defeat
🇻🇳 Mongols · Vietnam
1906
+9
🇨🇦 Chinese · Canada
1750
-9
HT229
8:43 Feudal Age
12:54 Castle Age
11:25 Double-Bit Axe
13:47 Bow Saw
15:10 Loom
19:58 Fletching
22:45 Bodkin Arrow
28:41 Imperial Age
26:35 Padded Archer Armor
27:38 Wheelbarrow
28:14 Leather Archer Armor
28:47 Hand Cart
30:35 Onager
32:27 Drill
33:52 Chemistry
34:08 Elite Skirmisher
34:57 Guard Tower
35:28 Ballistics
37:48 Bracer
44:37 Thumb Ring
45:09 Scale Barding Armor
46:12 Chain Barding Armor
46:02 Forging
46:25 Bloodlines
46:48 Husbandry
46:49 Heavy Camel Rider
48:38 Gold Mining
48:30 Horse Collar
48:36 Capped Ram
50:33 Iron Casting
50:54 Heavy Plow
51:30 Gold Shaft Mining
52:10 Light Cavalry
53:21 Heavy Cavalry Archer
55:25 Parthian Tactics
64:23 Hussar
TheEagle
0:26 Loom
8:26 Feudal Age
8:52 Double-Bit Axe
8:47 Horse Collar
17:04 Castle Age
18:00 Bow Saw
20:58 Wheelbarrow
24:56 Imperial Age
23:27 Fletching
24:12 Bodkin Arrow
25:40 Bracer
28:00 Padded Archer Armor
29:05 Ballistics
31:46 Chemistry
40:12 Leather Archer Armor
44:02 Conscription
44:17 Elite Skirmisher
47:07 Pikeman
47:48 Squires
48:54 Halberdier
50:39 Scale Mail Armor
52:19 Chain Mail Armor
54:48 Two-Man Saw
56:57 Scale Barding Armor
56:13 Light Cavalry
57:03 Bloodlines
58:09 Chain Barding Armor
58:34 Husbandry
60:48 Forging
63:14 Plate Barding Armor
Connection lost

Rejoining the realm…

Still unreachable

The connection could not be restored.

Session expired

The server has moved on; the page needs a fresh start.